 Dungeon Crawl Stone Soup version 0.26.1-11-gd32895ea62 (webtiles) character file.

Game seed: 7017192232701851883

5729 Ijustatesigmund the Cleaver (level 10, 0/72 HPs)
             Began as an Octopode Fighter on July 1, 2021.
             Engulfed by a steam dragon's steam (10 damage)
             ... on level 9 of the Dungeon.
             The game lasted 00:16:56 (11410 turns).

Ijustatesigmund the Cleaver (Octopode Fighter)     Turns: 11410, Time: 00:16:57

Health: 0/72       AC:  1    Str: 15    XL:     10   Next: 77%
Magic:  10/10      EV: 20    Int: 13    God:
Gold:   679        SH: 11    Dex: 13    Spells: 9/9 levels left

rFire    x . .     SeeInvis .   w - +4 hand axe
rCold    + . .     Faith    .   b - +1 kite shield
rNeg     . . .     Spirit   .   (helmet restricted)
rPois    .         Reflect  .   (no amulet)
rElec    .         Harm     .   m - +4 ring of evasion
rCorr    .         Rampage  .   o - ring of wizardry
Will     .....                  x - ring of ice
Stlth    ++++......             (no ring)
HPRegen  0.22/turn              (no ring)
MPRegen  0.12/turn              (no ring)
                                (no ring)
                                (no ring)

@: no status effects
A: almost no armour, stealthy swim, amphibious, 8 rings, constrict 8, camouflage
1, gelatinous body 1
a: no special abilities


You were on level 9 of the Dungeon.
You visited 2 branches of the dungeon, and saw 10 of its levels.
You also visited: Sewer and Ossuary.

You collected 679 gold pieces.

Inventory:

Hand Weapons
 a - a +1 war axe
 k - the +9 whip "Eviscerator" {antimagic, Int-3 Dex+5}
   (You took it off a gnoll on level 5 of the Dungeon)

   It reduces the magical energy of the wielder, and disrupts the spells and
   magical abilities of those hit.
   Natural abilities and divine invocations are not affected.
   It affects your intelligence (-3).
   It affects your dexterity (+5).
 w - a +4 hand axe (weapon)
 y - a +1 morningstar of protection
Armour
 b - a +1 kite shield (worn)
Jewellery
 m - a +4 ring of evasion (left tentacle)
 o - a ring of wizardry (right tentacle)
 x - a ring of ice (on tentacle)
Wands
 g - a wand of iceblast (2)
 h - a wand of polymorph (10)
 q - a wand of random effects (31)
Scrolls
 c - 9 scrolls of remove curse
 e - 2 scrolls of fog
 l - 3 scrolls of amnesia
 t - 2 scrolls of teleportation
 u - 2 scrolls of immolation
Potions
 d - 3 potions of flight
 f - a potion of magic
 i - a potion of resistance {unknown}
 j - a potion of cancellation
 n - a potion of haste
 p - 2 potions of attraction
 s - 2 potions of mutation {unknown}
 v - a potion of curing


   Skills:
 + Level 7.9 Fighting
 + Level 8.2 Axes
 + Level 7.9 Dodging
 - Level 5.0 Stealth
 + Level 7.9 Shields
 - Level 3.8 Evocations


You had 9 spell levels left.
You didn't know any spells.
Your spell library contained the following spells:

 Spells                   Type           Power        Failure   Level
 Cause Fear               Hex            0%           95%         4
 Silence                  Hex/Air        0%           100%        5
 Yara's Violent Unravell  Hex/Tmut       0%           100%        5
 Discord                  Hex            0%           100%        8


Dungeon Overview and Level Annotations

Branches:
Dungeon (9/15)             Temple (1/1) D:4             Orc (0/2) D:9
  Sewer (visited)         Ossuary (visited)
   Lair: D:8-11

Altars:
Ashenzari
Dithmenos
Fedhas
Gozag
Hepliaklqana
Kikubaaqudgha
Makhleb
Nemelex Xobeh
Okawaru
Qazlal
Ru
Sif Muna
Trog
Uskayaw
Vehumet
Wu Jian
Xom
Yredelemnul
Zin

Shops:
D:4 =

Annotations:
D:3 1 runed translucent door, TangoThomas's ghost, amateur HaAM


Innate Abilities, Weirdness & Mutations

You cannot wear most types of armour.
You are very stealthy in the water. (Stealth+)
You are amphibious.
You can wear up to eight rings at the same time.
You can use your tentacles to constrict eight enemies at once.
Your skin changes colour to match your surroundings (Stealth+).
Your rubbery body absorbs attacks. (AC +1, EV +1)


Message History

You hit the steam dragon.
The steam dragon is lightly wounded.
You are engulfed in a cloud of scalding steam.
The steam dragon completely misses you. x2
You are too injured to fight recklessly!
You are too injured to fight recklessly!
You are too injured to fight recklessly!
You're standing in a cloud of steam!
You closely miss the steam dragon.
The steam dragon is lightly wounded.
You are engulfed in a cloud of scalding steam.
* * * LOW HITPOINT WARNING * * *
The steam dragon bites you!
* * * LOW HITPOINT WARNING * * *
The steam dragon completely misses you.
Okay, then.
Okay, then.
You feel better.
You are engulfed in a cloud of scalding steam.
You die...

..............#.......
##.......##.#.......
#.......##.'.......
#.......####.[.....
#####.### #.......
#....# #######' #.####
###.. #.# #...# #@#
##+### #D.# #.....
#+## #..... #.....
####.. #..... ..#.....
........ #..8....


You could see a steam dragon (catching breath).

Vanquished Creatures
  A death yak (D:9)
  Sigmund (D:2)
  2 yaks (D:8)
  Menkaure (D:4)
  A water moccasin (D:9)
  Duvessa (D:5)
  A black bear (D:7)
  4 orc warriors
  2 sky beasts
  A hornet zombie (D:8)
  3 phantoms
  2 ice beasts (D:5)
  4 ogres
  2 centaurs (D:8)
  4 bullfrogs
  A big kobold (Sewer)
  Dowan (D:5)
  A water moccasin skeleton (D:6)
  3 scorpions
  6 killer bees (D:5)
  8 wights
  A howler monkey (D:5)
  3 electric eels (D:6)
  A bullfrog zombie (D:5)
  2 hounds
  5 orc priests
  3 human zombies (Ossuary)
  4 jellies
  7 orc wizards
  3 bullfrog skeletons
  An iguana (D:2)
  4 worker ants
  A big kobold zombie (Ossuary)
  A hound skeleton (D:6)
  5 mummies
  2 worker ant zombies
  12 gnolls
  12 adders
  A river rat (Sewer)
  3 oozes
  2 adder zombies
  2 worms
  4 dart slugs
  5 leopard geckos
  28 orcs
  9 bats
  4 giant cockroaches
  10 goblins
  9 hobgoblins
  13 jackals
  12 kobolds
  A quokka (D:2)
  7 frilled lizards
  A gnoll zombie (Ossuary)
  2 goblin zombies (D:4)
  A hobgoblin zombie (Ossuary)
  2 jackal zombies (Ossuary)
  2 kobold zombies (Ossuary)
  An orc zombie (Ossuary)
  A quokka skeleton (D:7)
  7 rats
244 creatures vanquished.

Vanquished Creatures (others)
  4 plants (D:6)
4 creatures vanquished.

Grand Total: 248 creatures vanquished

Notes
Turn   | Place    | Note
-------+----------+-------------------------------------------
     0 | D:1      | Ijustatesigmund the Octopode Fighter began the quest for
                  | the Orb.
     0 | D:1      | Reached XP level 1. HP: 16/16 MP: 1/1
   198 | D:1      | Reached XP level 2. HP: 21/21 MP: 2/2
   394 | D:1      | Reached XP level 3. HP: 26/26 MP: 3/3
  1105 | D:2      | Reached skill level 3 in Axes
  1231 | D:2      | Reached XP level 4. HP: 31/31 MP: 4/4
  1575 | D:2      | Found a sparkling altar of Nemelex Xobeh.
  1951 | D:2      | HP: 1/31 [gnoll/+0 halberd (7)]
  2259 | D:2      | Reached XP level 5. HP: 36/36 MP: 5/5
  2342 | D:2      | Noticed Sigmund
  2353 | D:2      | Killed Sigmund
  2354 | D:2      | Reached skill level 4 in Axes
  2354 | D:2      | Reached XP level 6. HP: 27/43 MP: 6/6
  3080 | D:3      | Found a runed translucent door.
  3080 | D:3      | Noticed TangoThomas's ghost (amateur HaAM)
  3097 | D:3      | Found a glowing drain.
  3109 | Sewer    | Entered a sewer
  3309 | Sewer    | Found a white marble altar of Elyvilon.
  3437 | D:3      | Reached XP level 7. HP: 44/48 MP: 7/7
  4190 | D:4      | Found Pebuex's Jewellery Shop.
  4236 | D:4      | Found a staircase to the Ecumenical Temple.
  4348 | D:4      | Found a sand-covered staircase.
  4359 | Ossuary  | Entered an ossuary
  4375 | Ossuary  | Reached skill level 1 in Stealth
  4378 | Ossuary  | Reached skill level 1 in Evocations
  4379 | Ossuary  | Reached skill level 5 in Axes
  4822 | D:4      | Noticed Menkaure
  4827 | D:4      | Killed Menkaure
  4831 | D:4      | Reached XP level 8. HP: 47/54 MP: 8/8
  5142 | Temple   | Entered the Ecumenical Temple
  5416 | D:5      | Entered Level 5 of the Dungeon
  5497 | D:5      | Reached skill level 5 in Shields
  5566 | D:5      | Reached skill level 5 in Fighting
  5566 | D:5      | Reached skill level 5 in Dodging
  5569 | D:5      | Identified the +9 whip "Eviscerator" {antimagic, Int-3
                  | Dex+5}
  5801 | D:5      | Noticed Duvessa
  5803 | D:5      | Noticed Dowan
  5814 | D:5      | Killed Duvessa
  5816 | D:5      | Killed Dowan
  5817 | D:5      | Reached skill level 6 in Axes
  5817 | D:5      | Reached XP level 9. HP: 50/61 MP: 9/9
  6211 | D:5      | Found a sacrificial altar of Ru.
  6278 | D:6      | Reached skill level 5 in Stealth
  8156 | D:7      | Reached skill level 7 in Axes
  8580 | D:7      | Reached XP level 10. HP: 54/69 MP: 10/10
 10118 | D:8      | Noticed a death yak
 10119 | D:8      | Noticed a death yak
 10119 | D:8      | Noticed a death yak
 10132 | D:9      | Found a staircase to the Orcish Mines.
 10777 | D:9      | Killed a death yak
 10778 | D:9      | Reached skill level 8 in Axes
 11409 | D:9      | HP: 3/72 [steam dragon (11)]
 11410 | D:9      | Engulfed by a steam dragon's steam

Illustrated notes

Levels and vault maps discovered:
D:1:      denvon_arrival_planthouse, layout_basic, moated_statue,
          kennysheep_minor_cross, minmay_misc_feat_doors
D:2:      layout_rooms, nemelex_xobeh_ov_fountains_minmay, uniq_sigmund
D:3:      layout_basic, portal_sewer_entry_f, ebering_ghost_inner_flame
D:4:      layout_rooms, minmay_temple_entry_trees, serial_shops, shop_coins,
          nicolae_ossuary_entry_giza, uniq_menkaure
D:5:      layout_rooms, nicolae_ru_path_of_blood, uniq_duvessa
D:6:      layout_loops_cross, serial_bayou, serial_bayou_shore_a,
          serial_bayou_pond_b, serial_bayou_ford_a, serial_bayou_pond_b
D:7:      layout_basic
D:8:      layout_gridville, dpeg_lair_monsters, serial_rivers,
          chequers_serial_rivers_large_a, chequers_serial_rivers_micro_c,
          chequers_serial_rivers_micro_c, chequers_serial_rivers_small_3,
          uniq_harold
D:9:      layout_roguey, chequers_temple_overflow_minitemple, david_orc_2,
          minmay_misc_feat_x, lemuel_statue_altar
Temple:   dpeg_five_rooms_temple

Skill      XL: |  1  2  3  4  5  6  7  8  9 10 |
---------------+-------------------------------+-----
Axes           | 3 4 5 6 7 8 |  8.2
Fighting       | 4 5 6 7 |  7.9
Dodging        | 4 5 6 7 |  7.9
Shields        | 4 5 6 7 |  7.9
Stealth        | 2 4 5 |  5.0
Evocations     | 2 3 |  3.8

Action                   |  1- 3 |  4- 6 |  7- 9 | 10-12 || total
-------------------------+-------+-------+-------+-------++-------
Melee: War axe           |    48 |    92 |   255 |       ||   395
       Constrict         |    11 |    21 |    66 |    23 ||   121
       Tentacles         |    10 |    15 |    66 |    34 ||   125
       Hand axe          |       |     2 |    38 |   195 ||   235
Evoke: Wand              |       |       |    10 |     1 ||    11
  Use: Scroll            |       |     6 |     7 |     4 ||    17
       Potion            |       |     1 |     8 |     4 ||    13
 Stab: Sleeping          |     7 |     7 |     9 |     6 ||    29
       Invisible         |       |       |     2 |       ||     2
       Distracted        |       |       |       |     2 ||     2
Armor: Skin              |     4 |     9 |     5 |    14 ||    32
Dodge: Dodged            |    20 |    46 |   192 |    74 ||   332
Block: Kite shield       |    20 |    54 |   137 |    82 ||   293
